 Dungeon Crawl Stone Soup version 0.21-a0-404-g291f19a (webtiles) character file.

28 ohad the Shield-Bearer (level 3, -3/29 HPs)
             Began as a Formicid Fighter on Oct 28, 2017.
             Slain by Crazy Yiuf
             ... wielding a +2 quarterstaff of chaos
              (8 damage)
             ... on level 2 of the Dungeon.
             The game lasted 00:01:40 (705 turns).

ohad the Shield-Bearer (Formicid Fighter)            Turns: 705, Time: 00:01:41

Health: -3/29      AC:  6    Str: 20    XL:     3   Next: 30%
Magic:  3/3        EV:  8    Int:  7    God:
Gold:   54         SH:  9    Dex: 11    Spells: 2/2 levels left

rFire    . . .     SeeInvis +   m - +1 short sword (venom)
rCold    . . .     Gourm    .   c - +0 shield
rNeg     . . .     Faith    .   b - +0 scale mail
rPois    .         Spirit   .   (helmet unavailable)
rElec    .         Reflect  .   (no cloak)
rCorr    +         Harm     .   (no gloves)
MR       .....                  (no boots)
Stlth    ..........             (no amulet)
HPRegen  0.09/turn              i - ring of resist corrosion
MPRegen  0.08/turn              (no ring)

@: no status effects
A: permanent stasis, dig shafts and tunnels, four strong arms, antennae 3
a: Dig, Shaft Self


You were on level 2 of the Dungeon.
You were not hungry.

You visited 1 branch of the dungeon, and saw 2 of its levels.

You collected 54 gold pieces.

Inventory:

Hand Weapons
 a - a +0 war axe
 m - a +1 short sword of venom (weapon)
Missiles
 g - 20 bolts
Armour
 b - a +0 scale mail (worn)
 c - a +0 shield (worn)
Jewellery
 i - a ring of resist corrosion (left hand)
Scrolls
 e - a scroll of remove curse {unknown}
 k - 2 scrolls of identify {unknown}
 o - a scroll of enchant armour {unknown}
Potions
 d - a potion of might
 h - a potion of curing {unknown}
 j - 3 potions of flight {unknown}
 l - a potion of haste {unknown}
Comestibles
 f - a bread ration
 n - 2 chunks of flesh


   Skills:
 - Level 3.2 Fighting
 + Level 2.6 Axes
 - Level 3.2 Armour
 + Level 4.5 Shields


You had 2 spell levels left.
You didn't know any spells.

Dungeon Overview and Level Annotations

Branches:
Dungeon (2/15)

Altars:

Annotations:
D:2 Crazy Yiuf


Innate Abilities, Weirdness & Mutations

You cannot be hasted, slowed, berserked, paralysed or teleported.
You can dig through walls and to a lower floor.
Your four strong arms can wield two-handed weapons with a shield.
You have a pair of large antennae on your head. (SInv)


Message History

HP restored.
Found a runed door.
You open the door.
Crazy Yiuf the Enlightened comes into view.
He is wielding a quarterstaff of chaos.
Crazy Yiuf shouts!
Found a mace.
There is an open door here.
You barely miss Crazy Yiuf.
Crazy Yiuf hits you with a quarterstaff of chaos.
You are electrocuted!
Ouch! That really hurt!
* * * LOW HITPOINT WARNING * * *
You hit Crazy Yiuf.
Crazy Yiuf is lightly wounded.
You block Crazy Yiuf's attack.
You hit Crazy Yiuf.
Crazy Yiuf is poisoned.
Crazy Yiuf is moderately wounded.
Crazy Yiuf says, "Hack song cloud!"
Crazy Yiuf hits you with a quarterstaff of chaos!
You die...

#### ♣♣#### #)..#♣♣
♣♣....## #..g@.♣♣♣♣......#
#...#♣..♣.......# ####
♣♣♣.♣......# ♣♣♣♣♣##.## .
#### #.###
..#...################...#
.........................#
#...................)....#
.......<).....(..........#


You could see Crazy Yiuf.

Vanquished Creatures
  2 leopard geckos (D:1)
  3 giant cockroaches (D:1)
  A goblin (D:2)
  4 hobgoblins (D:1)
  4 jackals (D:1)
  2 frilled lizards
  3 kobolds
  5 rats (D:1)
24 creatures vanquished.

Notes
Turn   | Place    | Note
-------+----------+-------------------------------------------
     0 | D:1      | ohad the Formicid Fighter began the quest for the Orb.
     0 | D:1      | Reached XP level 1. HP: 18/18 MP: 1/1
   141 | D:1      | Reached skill level 4 in Shields
   141 | D:1      | Reached XP level 2. HP: 22/24 MP: 2/2
   370 | D:1      | Reached XP level 3. HP: 29/29 MP: 3/3
   697 | D:2      | Found a runed door.
   701 | D:2      | Noticed Crazy Yiuf
   705 | D:2      | Slain by Crazy Yiuf

Vault maps used:
D:1:      dpeg_arrival_concentric_ovals
D:2:      uniq_crazy_yiuf_cottage

Skill      XL: |  1 |
---------------+----+-----
Shields        | 4 |  4.5
Fighting       | |  3.2
Axes           | |  2.6
Armour         | |  3.2

Action                   || total
-------------------------++-------
Melee: War axe           ||    60
       Short sword       ||    25
Armor: Scale mail        ||    20
Dodge: Dodged            ||    27
Block: Shield            ||    50

Table legend:
 A = Spawn XP
 B = Non-spawn XP
 C = Spawn XP percentage of total XP
 D = Spawn monster count
 E = Non-spawn monster count
 F = Spawn count percentage of total count
 G = Total turns spent on level
                    A         B        C        D         E        F      G
               +---------+---------+-------+---------+---------+-------+---------
         Total |       0 |      41 |   0.0 |       0 |      24 |   0.0 |   705
               +---------+---------+-------+---------+---------+-------+---------
           D:1 |       0 |      37 |   0.0 |       0 |      21 |   0.0 |   641
           D:2 |       0 |       4 |   0.0 |       0 |       3 |   0.0 |    64
               +---------+---------+-------+---------+---------+-------+---------
